 Dungeon Crawl Stone Soup version 0.30-a0-728-gc68057be0a (webtiles) character file.

Game seed: 17047879255048368627

359 Crownlay the Chiller (level 6, -1/60 (66) HPs)
             Began as a Gnoll Ice Elementalist on Jan 31, 2023.
             Slain by a wight
             ... wielding a +0 great sword
              (2 damage)
             ... on level 5 of the Dungeon.
             The game lasted 00:05:32 (3857 turns).

Crownlay the Chiller (Gnoll Ice Elementalist)       Turns: 3857, Time: 00:05:32

HP:   -1/60 (66)    AC:  9    Str:  5 (7)  XL:     6   Next: 65%
MP:   10/14         EV: 13    Int: 17      God:
Gold: 188           SH:  0    Dex: 10 (12) Spells: 8/15 levels left

rFire   . . .      SeeInvis .    h - +0 war axe
rCold   . . .      Faith    .    (no shield)
rNeg    . . .      Spirit   .    a - +0 robe
rPois   .          Reflect  .    (no helmet)
rElec   .          Harm     .    (no cloak)
rCorr   +          Rampage  .    (no gloves)
Will    +....                    (no boots) Stlth
                                 p - amulet of the acrobat
HPRegen 0.30/turn                n - ring of resist corrosion
MPRegen 0.14/turn                (no ring)

@: berserking (expiring), ice-armoured, drained, very quick
A: fangs 1, strong nose, distributed training, deterioration 2, strong-willed 1,
screaming 1
a: no special abilities


You were on level 5 of the Dungeon.
You visited 1 branch of the dungeon, and saw 5 of its levels.

You collected 188 gold pieces.

Inventory:

Hand Weapons
 h - a +0 war axe (weapon)
 i - a +0 spear
Missiles
 v - 2 boomerangs of dispersal (quivered)
Armour
 a - a +0 robe (worn)
Jewellery
 n - a ring of resist corrosion (left hand)
 p - an amulet of the acrobat (around neck)
 s - a ring of ice
 u - a ring of ice
Scrolls
 c - a scroll of blinking {unknown}
 d - a scroll of identify
 e - 2 scrolls of poison
 l - 2 scrolls of fog {unknown}
 m - 2 scrolls of teleportation {unknown}
 r - 3 scrolls of immolation
 t - a scroll of torment {unknown}
 y - a scroll of acquirement {unknown}
 z - a scroll of enchant weapon {unknown}
 A - a scroll of amnesia {unknown}
 B - a scroll of brand weapon {unknown}
 C - a scroll of vulnerability {unknown}
Potions
 b - a potion of magic
 f - a potion of curing
 g - a potion of ambrosia {unknown}
 j - a potion of flight {unknown}
 k - a potion of berserk rage
 o - 3 potions of mutation
 q - a potion of haste {unknown}
 w - a potion of brilliance {unknown}
 x - a potion of resistance {unknown}


   Skills:
 + Level 2.1 Fighting
 + Level 2.1 Short Blades
 + Level 2.1 Long Blades
 + Level 2.1 Axes
 + Level 2.1 Maces & Flails
 + Level 2.1 Polearms
 + Level 2.1 Staves
 + Level 2.1 Ranged Weapons
 + Level 2.1 Throwing
 + Level 2.1 Armour
 + Level 5.0 Dodging
 + Level 4.7 Stealth
 + Level 2.1 Shields
 + Level 2.1 Unarmed Combat
 + Level 5.4 Spellcasting
 + Level 1.7 Conjurations
 + Level 1.7 Hexes
 + Level 1.7 Summonings
 + Level 1.7 Necromancy
 + Level 1.7 Translocations
 + Level 1.7 Transmutations
 + Level 1.7 Fire Magic
 + Level 7.3 Ice Magic
 + Level 1.7 Air Magic
 + Level 1.7 Earth Magic
 + Level 1.7 Poison Magic
 + Level 2.3 Invocations
 + Level 2.1 Evocations


You had 8 spell levels left.
You knew the following spells:

 Your Spells              Type           Power      Damage    Failure   Level
a - Freeze                Ice            100%       1d10      1%          1
b - Frozen Ramparts       Ice            58%        1d9       1%          3
c - Ozocubu's Armour      Ice            29%        N/A       1%          3

Your spell library contained the following spells:

 Spells                   Type           Power      Damage    Failure   Level
 Ensorcelled Hibernation  Hex/Ice        40%        N/A       3%          2
 Inner Flame              Hex/Fire       10%        N/A       21%         3
 Spider Form              Tmut/Pois      10%        N/A       21%         3
 Summon Ice Beast         Ice/Summ       20%        N/A       22%         4
 Anguish                  Hex/Necr       5%         N/A       54%         4
 Flame Wave               Conj/Fire      10%        2d6       54%         4
 Sticky Flame             Conj/Fire      10%        2d3       54%         4
 Summon Forest            Summ/Tloc      5%         N/A       88%         5
 Eringya's Noxious Bog    Tmut/Pois      5%         N/A       100%        6
 Summon Hydra             Summ           5%         N/A       100%        7


Dungeon Overview and Level Annotations

Branches:
Dungeon (5/15)
 Temple: D:4-7

Altars:
Xom

Annotations:
D:3 3 runed translucent doors, Leeroy's ghost, amateur GnWr


Innate Abilities, Weirdness & Mutations

You have very sharp teeth.
Your uncanny sense of smell can sniff out nearby items.
Your experience applies equally to all skills.
Your body often deteriorates upon taking damage.
You are strong-willed. (Will+)
You occasionally shout uncontrollably at your foes.


Message History

The wight barely misses you.
The wall freezes the wight but does no damage.
The wight hits you with a +0 great sword!
* * * LOW HITPOINT WARNING * * *
Your body deteriorates!
You feel clumsy.
Okay, then.
It was a potion of berserk rage.
A red film seems to cover your vision as you go berserk!
You feel yourself moving faster!
You feel mighty!
The wight resists.
The wall freezes the wight.
The wight closely misses you.
You hit the wight but do no damage. Your bite misses the wight.
The wight is moderately damaged.
The frozen ramparts melt away.
The wight barely misses you.
You slash the wight!
The wight is almost destroyed.
You closely miss the wight. You bite the wight, but do no damage.
The wight is almost destroyed.
The wight hits you with a +0 great sword!
* * * LOW HITPOINT WARNING * * *
Your body deteriorates!
You feel weakened.
You feel drained.
* * * LOW HITPOINT WARNING * * *
You barely miss the wight.
The wight is almost destroyed.
The wight hits you with a +0 great sword.
* * * LOW HITPOINT WARNING * * *
You completely miss the wight.
The wight is almost destroyed.
The wight closely misses you.
You closely miss the wight. Your bite misses the wight.
The wight is almost destroyed.
The wight hits you with a +0 great sword.
* * * LOW HITPOINT WARNING * * *
You barely miss the wight.
The wight is almost destroyed.
The wight closely misses you.
You barely miss the wight. Your bite misses the wight.
The wight is almost destroyed.
The wight hits you with a +0 great sword.
You die...

#....#### ### #######.......#
#..........##.#############.
.............................
##......######.....)#<.......
#......# #...............
#......# ####......########.
#......# #.........# #......#
#...@.....# #......#
#..z####### #...# #...#
#...######### #.....z......
#............ #............
#...........ยง


You could see a wight.

Vanquished Creatures
  Grinder (D:3)
  A jelly (D:4)
  6 adders
  A shadow imp (D:5)
  2 worms (D:2)
  2 dart slugs
  A bat (D:3)
  8 endoplasms
  2 giant cockroaches
  5 goblins
  6 hobgoblins
  3 jackals (D:2)
  5 quokkas
  7 ball pythons
  A frilled lizard (D:1)
  7 kobolds
  2 rats
  A spectral hobgoblin (D:1)
61 creatures vanquished.

Notes
Turn   | Place    | Note
-------+----------+-------------------------------------------
     0 | D:1      | Crownlay the Gnoll Ice Elementalist began the quest for the
                  | Orb.
     0 | D:1      | Reached XP level 1. HP: 13/13 MP: 6/6
    60 | D:1      | Found a faded altar of an unknown god.
   330 | D:1      | Reached XP level 2. HP: 19/19 MP: 5/7
   892 | D:1      | Found a shimmering altar of Xom.
  1000 | D:2      | Reached skill level 5 in Spellcasting
  1000 | D:2      | Reached XP level 3. HP: 14/25 MP: 2/9
  1004 | D:2      | Learned a level 3 spell: Frozen Ramparts
  1008 | D:2      | Learned a level 3 spell: Ozocubu's Armour
  1076 | D:2      | Reached skill level 1 in Invocations
  1136 | D:2      | Reached skill level 1 in Fighting
  1136 | D:2      | Reached skill level 1 in Short Blades
  1136 | D:2      | Reached skill level 1 in Long Blades
  1136 | D:2      | Reached skill level 1 in Axes
  1136 | D:2      | Reached skill level 1 in Maces & Flails
  1136 | D:2      | Reached skill level 1 in Polearms
  1136 | D:2      | Reached skill level 1 in Staves
  1136 | D:2      | Reached skill level 1 in Ranged Weapons
  1136 | D:2      | Reached skill level 1 in Throwing
  1136 | D:2      | Reached skill level 1 in Armour
  1136 | D:2      | Reached skill level 1 in Shields
  1136 | D:2      | Reached skill level 1 in Unarmed Combat
  1136 | D:2      | Reached skill level 1 in Evocations
  1298 | D:2      | Reached XP level 4. HP: 32/32 MP: 11/11
  2135 | D:3      | Noticed Grinder
  2151 | D:3      | Paralysed by Grinder for 3 turns
  2155 | D:3      | Reached skill level 1 in Conjurations
  2155 | D:3      | Reached skill level 1 in Hexes
  2155 | D:3      | Reached skill level 1 in Summonings
  2155 | D:3      | Reached skill level 1 in Necromancy
  2155 | D:3      | Reached skill level 1 in Translocations
  2155 | D:3      | Reached skill level 1 in Transmutations
  2155 | D:3      | Reached skill level 1 in Fire Magic
  2155 | D:3      | Reached skill level 1 in Air Magic
  2155 | D:3      | Reached skill level 1 in Earth Magic
  2155 | D:3      | Reached skill level 1 in Poison Magic
  2164 | D:3      | Paralysed by Grinder for 2 turns
  2166 | D:3      | Gained mutation: Your body sometimes deteriorates upon
                  | taking damage. [potion of mutation]
  2166 | D:3      | Gained mutation: Your body often deteriorates upon taking
                  | damage. [potion of mutation]
  2166 | D:3      | Gained mutation: You occasionally shout uncontrollably at
                  | your foes. [potion of mutation]
  2166 | D:3      | Gained mutation: You are strong-willed. (Will+) [potion of
                  | mutation]
  2168 | D:3      | Paralysed by Grinder for 4 turns
  2184 | D:3      | Killed Grinder
  2185 | D:3      | Reached skill level 5 in Dodging
  2185 | D:3      | Reached XP level 5. HP: 7/38 MP: 0/12
  2185 | D:3      | Reached XP level 6. HP: 9/44 MP: 0/14
  2523 | D:3      | Found a runed translucent gate.
  2523 | D:3      | Found a runed translucent gate.
  2524 | D:3      | Found a runed translucent gate.
  2527 | D:3      | Noticed Leeroy's ghost (amateur GnWr)
  3698 | D:5      | Entered Level 5 of the Dungeon
  3855 | D:5      | HP: 1/60 [wight/+0 great sword (5)]
  3857 | D:5      | Slain by a wight

Illustrated notes

Levels and vault maps discovered:
D:1:      dpeg_arrival_water_altar, layout_loops_ring,
          dreamdust_ecumenical_altar_drowned_temple
D:2:      layout_basic
D:3:      layout_loops_cross, gammafunk_ghost_necromancy, uniq_grinder
D:4:      layout_loops_ring, serial_rivers, chequers_serial_rivers_room_b,
          chequers_serial_rivers_micro_e, chequers_serial_rivers_room_a,
          chequers_serial_rivers_large_a
D:5:      layout_basic, minmay_misc_feat_iff, minmay_misc_feat_columns

Skill      XL: |  1  2  3  4 |
---------------+-------------+-----
Spellcasting   | 5 |  5.4
Invocations    | 1 2 |  2.3
Fighting       | 1 2 |  2.1
Short Blades   | 1 2 |  2.1
Long Blades    | 1 2 |  2.1
Axes           | 1 2 |  2.1
Maces & Flails | 1 2 |  2.1
Polearms       | 1 2 |  2.1
Staves         | 1 2 |  2.1
Ranged Weapons | 1 2 |  2.1
Throwing       | 1 2 |  2.1
Armour         | 1 2 |  2.1
Shields        | 1 2 |  2.1
Unarmed Combat | 1 2 |  2.1
Evocations     | 1 2 |  2.1
Conjurations   | 1 |  1.7
Hexes          | 1 |  1.7
Summonings     | 1 |  1.7
Necromancy     | 1 |  1.7
Translocations | 1 |  1.7
Transmutations | 1 |  1.7
Fire Magic     | 1 |  1.7
Air Magic      | 1 |  1.7
Earth Magic    | 1 |  1.7
Poison Magic   | 1 |  1.7
Dodging        | 5 |  5.0
Stealth        | |  4.7
Ice Magic      | |  7.3

Action                     |  1- 3 |  4- 6 || total
---------------------------+-------+-------++-------
  Melee: Short sword       |     8 |       ||     8
         War axe           |    50 |    81 ||   131
         Bite              |     7 |    12 ||    19
         Punch             |       |     3 ||     3
  Throw: Boomerang         |       |     1 ||     1
   Cast: Freeze            |    13 |     1 ||    14
         Frozen Ramparts   |     3 |    12 ||    15
         Ozocubu's Armour  |     2 |     5 ||     7
    Use: Potion            |       |     5 ||     5
         Scroll            |       |     3 ||     3
   Stab: Sleeping          |     7 |     4 ||    11
 Armour: Robe              |     8 |    16 ||    24
  Dodge: Dodged            |    54 |    52 ||   106

Table legend: (Time is in decaauts)
 A = Elapsed time spent in this place.
 B = Non-inter-level travel time spent in this place.
 C = Inter-level travel time spent in this place.
 D = Time resting spent in this place.
 E = Time spent auto-exploring this place.
 F = Levels seen in this place.
 G = Mean time per level.
                   A        B        C        D        E       F      G
               +--------+--------+--------+--------+--------+-----+--------+
         Total |   3942 |   3790 |    152 |      0 |   3161 |   5 |  788.4 |
       Dungeon |   3942 |   3790 |    152 |      0 |   3161 |   5 |  788.4 |
               +--------+--------+--------+--------+--------+-----+--------+

Top non-repeatable levels by time:
     D:4: 1022 daAuts
     D:1: 963 daAuts
     D:3: 942 daAuts
     D:2: 851 daAuts
     D:5: 163 daAuts
